 Dungeon Crawl Stone Soup version 0.29.1-2-gbd0b4ee654 (webtiles) character file.

Game seed: 14960071829971933119

760 qeuew the Shooter (level 7, 0/61 HPs)
             Began as a Minotaur Hunter on Nov 7, 2022.
             Slain by an ogre
             ... wielding a +0 giant club
              (34 damage)
             ... on level 6 of the Dungeon.
             The game lasted 00:05:14 (3870 turns).

qeuew the Shooter (Minotaur Hunter)                 Turns: 3870, Time: 00:05:15

Health: 0/61       AC:  4    Str: 15    XL:     7   Next: 51%
Magic:  6/6        EV: 13    Int:  6    God:
Gold:   326        SH:  0    Dex: 16    Spells: 6/6 levels left

rFire   . . .      SeeInvis +   e - +0 long sword (elec)
rCold   . . .      Faith    .   (no shield)
rNeg    . . .      Spirit   .   l - +0 troll leather armour {Pargi}
rPois   .          Reflect  .   (helmet restricted)
rElec   .          Harm     .   (no cloak)
rCorr   .          Rampage  .   (no gloves)
Will    .....                   (no boots)
Stlth   +.........              b - amulet of the acrobat
HPRegen 1.00/turn               p - ring of see invisible
MPRegen 0.10/turn               (no ring)

@: no status effects
A: horns 2, retaliatory headbutt
a: no special abilities


You were on level 6 of the Dungeon.
You visited 1 branch of the dungeon, and saw 6 of its levels.

You collected 326 gold pieces.

Inventory:

Hand Weapons
 a - a +0 shortbow of electrocution
 e - a +0 long sword of electrocution (weapon)
Armour
 l - a +0 troll leather armour (worn) {Pargi}
Jewellery
 b - an amulet of the acrobat (around neck)
 p - a ring of see invisible (left hand)
Wands
 f - a wand of flame (8)
 i - a wand of polymorph (4)
 k - a wand of digging (7)
Scrolls
 d - a scroll of fear
 h - a scroll of butterflies
 m - a scroll of amnesia
Potions
 c - a potion of haste
 g - 4 potions of heal wounds
 j - 5 potions of curing


   Skills:
 + Level 5.0 Fighting
 + Level 4.1 Long Blades
 + Level 6.0 Ranged Weapons
 + Level 4.3 Armour
 + Level 4.5 Dodging
 - Level 0.7 Stealth


You had 6 spell levels left.
You didn't know any spells.
Your spell library contained the following spells:

 Spells                   Type           Power      Damage    Failure   Level
 Foxfire                  Conj/Fire      0%         2x1d4     52%         1
 Conjure Flame            Conj/Fire      0%         6-21      88%         3
 Inner Flame              Hex/Fire       0%         N/A       88%         3
 Ozocubu's Armour         Ice            0%         N/A       88%         3
 Flame Wave               Conj/Fire      0%         2d4       99%         4
 Metabolic Englaciation   Hex/Ice        0%         N/A       100%        5
 Simulacrum               Ice/Necr       0%         N/A       100%        6


Dungeon Overview and Level Annotations

Branches:
Dungeon (6/15)
 Temple: D:4-7

Altars:
Hepliaklqana


Innate Abilities, Weirdness & Mutations

You have a pair of horns on your head.
You reflexively headbutt those who attack you in melee.


Message History

Things that are here:
a +0 flail; a +0 leather armour; an orc corpse
b - an amulet of the acrobat
i - a wand of polymorph (4)
You start putting on your amulet.
You continue putting on your amulet of the acrobat.
HP restored.
You continue putting on your amulet of the acrobat. x4
You finish putting on your amulet of the acrobat.
You feel ready to tumble and roll out of harm's way.
b - an amulet of the acrobat (around neck)
Your +0 long sword of electrocution stops crackling.
You hear the crackle of electricity.
a - a +0 shortbow of electrocution (weapon)
As you open the door, it creaks loudly!
There is an open door here.
An adder comes into view.
Found 4 gold pieces.
The adder hisses angrily.
You shoot an arrow. The arrow hits the adder.
The adder is lightly wounded.
You hear a shout! x2
You shoot an arrow. The arrow misses the adder.
An ogre comes into view. It is wielding a +0 giant club.
You shoot an arrow. The arrow barely misses the adder.
You shoot an arrow. The arrow barely misses the adder.
The adder misses you. You furiously retaliate!
You headbutt the adder! The adder closely misses you.
You shoot an arrow. The arrow hits the adder.
You kill the adder!
An orc comes into view.
It is wielding a +1 short sword of venom.
You shoot an arrow. The arrow barely misses the ogre.
The ogre hits you with a +0 giant club!!
Your +0 shortbow of electrocution stops crackling.
You hear the crackle of electricity.
e - a +0 long sword of electrocution (weapon)
You hit the ogre but do no damage. Lightning courses through the ogre!
The ogre is moderately wounded.
The ogre hits you with a +0 giant club!!
Ouch! That really hurt!
You die...

.....#.#
######.#
######.#######
.............#
############.###
#...### #..#..##
$# #...##..#..#
....###@O..#
...#..# #.....#
.....#..
...##o.#
..####.....##
#... .. #..#?.#
... ..#... ## ..
##.. ## #..


You could see an ogre and an orc.

Vanquished Creatures
  Pargi (D:3)
  An ice beast (D:5)
  A phantom (D:3)
  3 hounds
  2 jellies
  Terence (D:3)
  Ijyb (D:5)
  An iguana (D:5)
  Natasha (D:3)
  2 orc wizards (D:6)
  Robin (D:2)
  7 adders
  A shadow imp (D:5)
  A white imp (D:5)
  3 worms
  5 dart slugs
  6 orcs
  3 endoplasms
  2 giant cockroaches
  15 goblins
  8 hobgoblins
  4 quokkas
  8 ball pythons
  5 bats
  9 kobolds
  7 rats
  A spectral kobold (D:1)
100 creatures vanquished.

Vanquished Creatures (others)
  A dart slug (D:1)
1 creature vanquished.

Grand Total: 101 creatures vanquished

Notes
Turn   | Place    | Note
-------+----------+-------------------------------------------
     0 | D:1      | qeuew the Minotaur Hunter began the quest for the Orb.
     0 | D:1      | Reached XP level 1. HP: 18/18 MP: 0/0
   347 | D:1      | Found a faded altar of an unknown god.
   367 | D:1      | Reached XP level 2. HP: 25/25 MP: 1/1
   438 | D:1      | Reached skill level 1 in Armour
   490 | D:1      | Reached skill level 1 in Long Blades
   742 | D:2      | Reached XP level 3. HP: 28/30 MP: 2/2
  1061 | D:2      | Noticed Robin
  1068 | D:2      | Reached XP level 4. HP: 23/38 MP: 3/3
  1071 | D:2      | Killed Robin
  1436 | D:2      | Found a hazy altar of Hepliaklqana.
  1934 | D:3      | Reached skill level 5 in Ranged Weapons
  1937 | D:3      | Reached XP level 5. HP: 28/45 MP: 4/4
  2072 | D:3      | Noticed a phantom
  2078 | D:3      | Killed a phantom
  2101 | D:3      | Noticed Natasha
  2108 | D:3      | Killed Natasha
  2168 | D:3      | Noticed Terence
  2175 | D:3      | Killed Terence
  2176 | D:3      | Reached XP level 6. HP: 52/52 MP: 5/5
  2367 | D:3      | Noticed Pargi
  2375 | D:3      | Killed Pargi
  3138 | D:5      | Entered Level 5 of the Dungeon
  3207 | D:5      | Noticed Ijyb
  3227 | D:5      | Killed Ijyb
  3230 | D:5      | Reached XP level 7. HP: 38/60 MP: 6/6
  3803 | D:6      | Reached skill level 6 in Ranged Weapons
  3817 | D:6      | Reached skill level 5 in Fighting
  3870 | D:6      | Slain by an ogre

Illustrated notes

Levels and vault maps discovered:
D:1:      psy_arrival_spokes, layout_basic,
          dreamdust_ecumenical_altar_drowned_temple, nrook_campfire,
          fountainhead
D:2:      layout_basic, serial_glass, glass_columns_c, glass_columns_c,
          glass_columns_c, glass_columns_c, glass_columns_b, glass_columns_c,
          glass_columns_a, glass_columns_c, glass_columns_a, glass_columns_a,
          minmay_strange_pillars, basic_altar, uniq_robin
D:3:      layout_loops_ring, uniq_pargi, uniq_natasha, uniq_terence
D:4:      layout_basic
D:5:      layout_rooms, minmay_tree_intersection, uniq_ijyb
D:6:      hellmonk_destroyed_diamonds, layout_basic, lemuel_crystal_altar,
          lemuel_crystal_altar, nicolae_overflows_in_rows,
          nicolae_overflow_hidden_temple

Skill      XL: |  1  2  3  4  5  6  7 |
---------------+----------------------+-----
Armour         | 1 2 3 4 |  4.3
Long Blades    | 1 2 3 4 |  4.1
Fighting       | 3 4 5 |  5.0
Dodging        | 3 4 |  4.5
Ranged Weapons | 5 6 |  6.0
Stealth        | |  0.7

Action                   |  1- 3 |  4- 6 |  7- 9 || total
-------------------------+-------+-------+-------++-------
Melee: Long sword        |    14 |    27 |    23 ||    64
       Headbutt          |     2 |     9 |     1 ||    12
       Punch             |       |     1 |     1 ||     2
 Fire: Shortbow          |    75 |   117 |    21 ||   213
  Use: Scroll            |     3 |     6 |     1 ||    10
       Potion            |       |     3 |     3 ||     6
Armor: Leather armour    |     3 |       |       ||     3
       Ring mail         |    15 |    14 |       ||    29
       Troll leather arm |       |     8 |    12 ||    20
Dodge: Dodged            |    41 |    52 |    25 ||   118
